 Dungeon Crawl Stone Soup version 0.29-a0-359-g541a27f54d (webtiles) character file.

Game seed: 16152019401231264001

390 Zeldest the Skirmisher (level 6, -9/49 HPs)
             Began as a Mummy Chaos Knight on Apr 28, 2022.
             Was a Plaything of Xom.
             Mangled by an orc priest
             ... wielding a +0 morningstar
              (10 damage)
             ... on level 4 of the Dungeon.
             The game lasted 00:01:57 (2151 turns).

Zeldest the Skirmisher (Mummy Chaos Knight)         Turns: 2151, Time: 00:01:58

Health: -9/49      AC:  9    Str: 17    XL:     6   Next: 50%
Magic:  6/6        EV: 10    Int: 11    God:    Xom [..*...]
Gold:   148        SH:  0    Dex: 12    Spells: 5/5 levels left

rFire   x . .      SeeInvis .   a - +0 hand axe (chaos)
rCold   + . .      Faith    .   (no shield)
rNeg    + + +      Spirit   .   k - +0 scale mail
rPois   ∞          Reflect  .   e - +0 helmet
rElec   .          Harm     .   l - +0 cloak
rCorr   .          Rampage  .   (no gloves)
Will    .....                   (no boots)
Stlth   ..........              (no amulet)
HPRegen 0.16/turn               (no ring)
MPRegen 0.10/turn               (no ring)

@: no status effects
A: cold resistance 1, negative energy resistance 3, torment resistance 2, heat
vulnerability 1, in touch with death 1, no potions
a: Renounce Religion


You were on level 4 of the Dungeon.
You worshipped Xom.
You were a toy of Xom.
You visited 1 branch of the dungeon, and saw 4 of its levels.

You collected 148 gold pieces.

Inventory:

Hand Weapons
 a - a +0 hand axe of chaos (weapon)
Armour
 e - a +0 helmet (worn)
 j - a +0 plate armour
 k - a +0 scale mail (worn)
 l - a +0 cloak (worn)
Jewellery
 b - a ring of willpower
Scrolls
 d - a scroll of holy word {unknown}
 f - a scroll of teleportation {unknown}
 g - a scroll of fear {unknown}
 h - 3 scrolls of magic mapping {unknown}
 i - a scroll of vulnerability {unknown}
 m - a scroll of acquirement {unknown}
 n - a scroll of identify {unknown}
Miscellaneous
 c - a piece from Xom's chessboard (15/15) (quivered)


   Skills:
 + Level 4.4 Fighting
 + Level 3.7 Axes
 + Level 3.1 Armour
 + Level 2.7 Dodging


You had 5 spell levels left.
You didn't know any spells.
Your spell library contained the following spells:

 Spells                   Type           Power      Damage    Failure   Level
 Ozocubu's Armour         Ice            0%         N/A       98%         3
 Fulminant Prism          Conj/Hex       0%         3d6       100%        4
 Iskenderun's Mystic Bla  Conj/Tloc      0%         2d3       100%        4
 Lee's Rapid Deconstruct  Erth           0%         3d5*      100%        5
 Metabolic Englaciation   Hex/Ice        0%         N/A       100%        5
 Simulacrum               Ice/Necr       0%         N/A       100%        6


Dungeon Overview and Level Annotations

Branches:
Dungeon (4/15)
 Temple: D:4-7

Altars:
Nemelex Xobeh

Annotations:
D:3 1 transporter, spaghetti's ghost, weakling DgCj


Innate Abilities, Weirdness & Mutations

You are immune to poison.
Your flesh is cold resistant. (rC+)
You are immune to negative energy. (rN+++)
You are immune to unholy pain and torment.
You are vulnerable to heat. (rF-)
You are in touch with the powers of death.
You do not drink.


Message History

The scorpion closely misses you.
An orc priest comes into view. It is wielding a +0 morningstar.
The scorpion closely misses you.
You hit the scorpion but do no damage.
The scorpion is lightly wounded.
You closely miss the orc priest. The orc priest closely misses you.
The scorpion stings you but does no damage.
You hit the scorpion but do no damage.
The scorpion is lightly wounded.
You hit the orc priest. You burn the orc priest.
The orc priest barely misses you. The scorpion closely misses you.
You hit the orc priest.
The orc priest is moderately wounded.
You hit the scorpion but do no damage. The scorpion stings you.
The orc priest misses you.
You hear a zap.
You hear a grinding noise.
An orc comes into view. It is wielding a +0 whip.
The scorpion stings you.
The orc shouts!
You hit the orc priest but do no damage.
The orc priest is lightly wounded.
You hit the scorpion but do no damage.
The orc priest hits you with a +0 morningstar.
The scorpion closely misses you.
The orc priest hits you but does no damage.
You closely miss the orc priest.
The orc priest is lightly wounded.
You hit the scorpion but do no damage. You drain the scorpion.
The scorpion stings you.
The orc priest invokes the aid of Beogh against you.
Beogh smites you!
* * * LOW HITPOINT WARNING * * *
You are too injured to fight recklessly!
You are too injured to fight recklessly!
You can't drink.
Okay, then.
The orc priest attacks as you move away!
The orc priest hits you with a +0 morningstar!
You die...
Xom guffaws!

#. .. #.###..
.....## ......# #
.....# ..#.###
.(...#
#....o###.....#
#....s@#.###.#
#..>.o#.....##
#......#.))...#
##.....#...†)#....
#.###.#......# ...
∆ . ..###.....# ##
...#.###.#.###.#
..#.....###...#
#......#....#


You could see a scorpion (drained), an orc priest and an orc.

Vanquished Creatures
  A scorpion (D:3)
  5 adders
  2 worms
  5 dart slugs
  4 orcs (D:4)
  3 bats
  3 endoplasms
  4 giant cockroaches
  7 goblins
  8 hobgoblins
  10 kobolds
  A quokka (D:1)
  6 ball pythons
  7 frilled lizards
  6 rats
72 creatures vanquished.

Vanquished Creatures (collateral kills)
  Grinder (D:3)
1 creature vanquished.

Vanquished Creatures (others)
  4 plants (D:2)
4 creatures vanquished.

Grand Total: 77 creatures vanquished

Notes
Turn   | Place    | Note
-------+----------+-------------------------------------------
     0 | D:1      | Zeldest the Mummy Chaos Knight began the quest for the Orb.
     0 | D:1      | Reached XP level 1. HP: 18/18 MP: 1/1
   110 | D:1      | XOM: silly message
   139 | D:1      | Reached skill level 1 in Dodging
   146 | D:1      | Reached XP level 2. HP: 19/24 MP: 2/2
   340 | D:1      | Gained mutation: You are in touch with the powers of death.
                  | [Mummy growth]
   340 | D:1      | Reached XP level 3. HP: 20/29 MP: 3/3
   528 | D:1      | XOM: silly message
   544 | D:1      | XOM: divination: detect items
   821 | D:2      | XOM: divination: detect items
   836 | D:2      | Found a faded altar of an unknown god.
   909 | D:2      | Found a sparkling altar of Nemelex Xobeh.
   952 | D:2      | Reached XP level 4. HP: 31/35 MP: 4/4
  1154 | D:2      | XOM: divination: detect creatures
  1715 | D:3      | Noticed a scorpion
  1729 | D:3      | Killed a scorpion
  1730 | D:3      | Reached XP level 5. HP: 30/42 MP: 5/5
  1816 | D:3      | Noticed Grinder
  1829 | D:3      | XOM: cast spell 'Call Canine Familiar'
  1832 | D:3      | XOM: silly message
  1838 | D:3      | Killed Grinder
  1839 | D:3      | Reached skill level 4 in Fighting
  1839 | D:3      | Reached XP level 6. HP: 19/49 MP: 6/6
  2006 | D:3      | Found a transporter.
  2007 | D:3      | Identified the +2 dire flail of Mayhem {speed, rC+ Will+
                  | Int+3}
  2007 | D:3      | Noticed spaghetti's ghost (weakling DgCj)
  2131 | D:4      | XOM: divination: detect items
  2150 | D:4      | HP: 1/49 [orc priest/divine providence (14)]
  2151 | D:4      | Mangled by an orc priest

Illustrated notes

Levels and vault maps discovered:
D:1:      evilmike_arrival_rings, layout_rooms
D:2:      layout_loops_corners, basic_altar,
          shapermc_ecumenical_altar_starsandcircs, serial_bayou,
          serial_bayou_pond_c, serial_bayou_pond_c, serial_bayou_pond_d,
          serial_bayou_lake_a
D:3:      layout_rooms, gammafunk_ghost_smash, kennysheep_generic_room_4,
          uniq_grinder
D:4:      nicolae_BIG_FREAKIN_CUBE, layout_basic, enter_ossuary_1, uniq_ijyb

Skill      XL: |  1  2  3  4  5 |
---------------+----------------+-----
Dodging        | 1 2 |  2.7
Armour         | 2 3 |  3.1
Axes           | 3 |  3.7
Fighting       | 4 |  4.4

Action                   |  1- 3 |  4- 6 || total
-------------------------+-------+-------++-------
Melee: Hand axe          |   104 |   103 ||   207
       Punch             |       |     2 ||     2
 Stab: Petrifying        |     1 |       ||     1
       Confused          |       |     3 ||     3
       Petrified         |       |     3 ||     3
Armor: Leather armour    |    27 |       ||    27
       Plate armour      |    52 |       ||    52
       Scale mail        |     8 |    38 ||    46
Dodge: Dodged            |    56 |    43 ||    99

Table legend: (Time is in decaauts)
 A = Elapsed time spent in this place.
 B = Non-inter-level travel time spent in this place.
 C = Inter-level travel time spent in this place.
 D = Time resting spent in this place.
 E = Time spent auto-exploring this place.
 F = Levels seen in this place.
 G = Mean time per level.
                   A        B        C        D        E       F      G
               +--------+--------+--------+--------+--------+-----+--------+
         Total |   2226 |   2117 |    109 |      0 |   1617 |   4 |  556.5 |
       Dungeon |   2226 |   2117 |    109 |      0 |   1617 |   4 |  556.5 |
               +--------+--------+--------+--------+--------+-----+--------+

Top non-repeatable levels by time:
     D:2: 1075 daAuts
     D:1: 618 daAuts
     D:3: 494 daAuts
     D:4: 39 daAuts
